[Event "44th Chess Olympiad Women 2022"]
[Site "Chennai"]
[Date "2022.08.05"]
[Round "7.7"]
[White "Avramidou, Anastasia"]
[Black "Soumya, Swaminathan"]
[Result "1-0"]
[WhiteElo "2274"]
[BlackElo "2335"]
[Annotator "TA"]
[PlyCount "91"]
[EventDate "2022.??.??"]
[TimeControl "60"]

1. d4 Nf6 2. c4 g6 3. h4 Bg7 4. Nc3 d6 5. e4 Nc6 6. d5 {
[%emt 0:06:22] E60: King's Indian: Unusual lines and Fianchetto Variation
without Nc3.} Ne5 7. Be2 h5 8. Nh3 {[%emt 0:00:50] The position is equal.} c6 9. Ng5 {
[%emt 0:07:38] [#]} Bg4 $146 ({Predecessor:} 9... O-O 10. O-O
Bd7 11. Bf4 Nfg4 12. Qd2 Rc8 13. Rac1 cxd5 14. Nxd5 e6 15. Ne3 Qf6 {1-0 (64)
Varga,Z (2394)-Rathanvel,V (2477) Budapest 2022}) 10. f3 Bd7 11. Be3 a6 12. O-O cxd5 13. cxd5 b5 14. Bd4 {[%emt 0:05:30] aiming for f4.} Qb8 15. Qe1 O-O 16. Rd1 b4 17. Nb1 Bb5 18. f4 Neg4 19. f5 Nh7 20. Bxg7 Kxg7 21. Nxh7 Qb6+ (21... Kxh7 22. fxg6+ fxg6 23.
Rxf8 Qxf8 24. Bxg4 hxg4 25. Qxb4 $11) 22. Kh1 Kxh7 23. Rf3 (23. fxg6+ $2 fxg6 24. Bxb5 (24. Rxf8 $2 Rxf8
25. Bxg4 Rf1+ 26. Qxf1 Bxf1 $19) 24... axb5 25. Rxf8 Rxf8 $19) 23... a5 ({Better is} 23... Ne5 $17 {And now ... Bxe2 would win.} 24.
Rb3 Bxe2 25. Qxe2 Rac8) 24. Nd2 $15 Rac8 25. Bxb5 Qxb5 26. Nb3 Qb6 27. Nd4 Rc4 $2 {
[%emt 0:00:21] Black cannot hold the game after this.} (27... f6 $14) 28. fxg6+
$18 Kxg6 29. Nf5 ({Don't
take} 29. Qd2 $6 f6 $18) (29. Ne6 Rg8 30. Qd2 f6 $16) 29... Re8 $2 (29... Kh7 30. Qd2 e6) 30. Qe2 {[%emt 0:01:35] Rg3 is the strong threat.}
Qc5 31. Rg3 {[%emt 0:00:20] White threatens Qd2 and mate.} ({
Not} 31. Qd2 f6 $16) 31... Rc2 {[%emt 0:00:29] Inhibits Qd2.} 32. Rxg4+ Kf6 33. Qe3 Qxe3 34. Nxe3 {[%emt 0:00:06] Really sharp!} Rxb2 (34... hxg4
$142 35. Nxc2 g3) 35. Rg5 {[%emt 0:00:00] Rf1+ would kill now. White is
clearly winning.} e5 36. dxe6 Kxe6 37. Rxa5 Rg8 38. Rxd6+ Kxd6 {[%emt 0:00:09] Endgame KRR-KRN} 39. Nc4+ Kc6 40. Nxb2 {[%emt 0:00:03] KRN-KR} Rg4 41. Rxh5 Rxe4 42. Nd3 f6 43. Rf5 Rxh4+ 44. Kg1 Rd4 45. Rxf6+ Kb5 46. Rf3 {
[%emt 0:00:00] Weighted Error Value: White=0.38/Black=0.49} 1-0

[Event "44th Chess Olympiad Women 2022"]
[Site "Chennai"]
[Date "2022.08.05"]
[Round "7.7"]
[White "Gomes, Mary Ann"]
[Black "Pavlidou, Ekaterini"]
[Result "0-1"]
[WhiteElo "2324"]
[BlackElo "2138"]
[Annotator "TA"]
[PlyCount "90"]
[EventDate "2022.??.??"]
[TimeControl "60"]

1. e4 c5 2. Nf3 d6 3. d4 cxd4 4. Nxd4 Nf6 5. Nc3 Nc6 6. Bg5 e6 7. Bb5 Bd7 8. Qd3
{[%emt 0:00:20] now scores much better than the old 8.Bxc6. B62: Sicilian:
Richter-Rauzer: 6...e6: Unusual White 7th moves.} Be7 9. O-O-O h6 10. Bh4 {[%emt 0:01:54] White has an edge.
} a6 11. Bxc6 bxc6 12. Nb3 {
[%emt 0:02:15] [#]} g5 $146 (12... a5 $11) ({Predecessor:} 
12... a5 13. a4 e5 14. Bxf6 gxf6 15. Nd2 Qc7 16. Nc4 Rd8 17. Nxd6+ Kf8 18. Qf3
Be6 {0-1 (53) Dionisi,T (2410)-Dourerassou,J (2444) Chartres 2022}) 13. e5 gxh4 14. exf6 Bf8 15. Qd4 c5 (15... a5 $11) 16. Qxh4
$16 Qb6 17. Rhe1 {[%emt 0:04:40] Black must
now prevent Nd5.} O-O-O 18. Qh5 Be8 19. f4 $1 Rg8 20. g4 d5 21. Nxd5 $2 exd5 $17 {[%emt 0:00:56]
White is now going downhill.} 22. Qf5+ (22. Rxd5 $17 Bd6 23.
Red1) 22... Kb8 $1 $19 {[%emt 0:06:57] ...Bd6 is the strong threat.} 23. Rxd5 Bd6 $1 {[%emt 0:00:14][%cal Yf8d6,Yd6f4,Yf4c7] Threatens to
win with ...Bd7.} 24. Red1 {[%emt 0:07:21][%cal Yd5d6] [#]} Bd7 $1 25. Qd3 Bxf4+ 26. Kb1 {[%emt 0:00:09] 
[#]} Bc7 $1 27. Nxc5 ({Of course not} 27.
Rxd7 Rxd7 28. Qxd7 Rd8 29. Qxd8+ Bxd8 30. Nxc5 Qxc5 $19) 27... Bb5 (27... Bxg4 28. Nxa6+ Kb7 29. Rxd8 (29. Nxc7 $2 Bxd1 30. a3 Rg2 $19) 29...
Rxd8 30. Qe4+ Kxa6 31. Qxg4 $17) 28. Qf5 (28. Qb3) 28... Rxd5 29. Rxd5 Rg5 30. Qf3 Bc6 {[%emt 0:02:14] A strong pair of Bishops.} 31. Nd7+ Bxd7 32. Rxd7 Qg1+ ({Not} 32... Bxh2 33. c3 $11) 33. Rd1 Qxg4 34. Qd3 Qe6 35. a3 Qxf6 36. Rf1 Qe6 37. Qh7 Rg2 38. Qxf7 $2 (38. h3)
38... Qxf7 39. Rxf7 Rxh2 {[%emt 0:00:03]
Endgame KRB-KR} 40. b4 h5 41. Kb2 h4 {[%emt 0:00:39] Black mates.} 42. Kb3 h3 43. c4 Rh1 44. b5 axb5 45. cxb5 h2
{[%emt 0:00:04] Weighted Error Value: White=0.85/ Black=0.10 (very precise)}
0-1

[Event "44th Chess Olympiad Women 2022"]
[Site "Chennai"]
[Date "2022.08.05"]
[Round "7.7"]
[White "Markantonaki, Haritomeni"]
[Black "Divya Deshmukh"]
[Result "0-1"]
[WhiteElo "2154"]
[BlackElo "2319"]
[Annotator "TA"]
[PlyCount "90"]
[EventDate "2022.??.??"]
[TimeControl "60"]

1. e4 c5 2. Nf3 d6 3. d4 cxd4 4. Nxd4 Nf6 5. Nc3 Nc6 6. Bg5 e6 7. Bb5 Bd7 8. Qd3
{[%emt 0:00:20] now scores much better than the old 8.Bxc6. B62: Sicilian:
Richter-Rauzer: 6...e6: Unusual White 7th moves.} Be7 9. O-O-O h6 10. Bh4 {[%emt 0:01:54] The position is
equal.} a6 (10... O-O $11 {should be considered.}) 11. Bxc6 bxc6 12. Nb3 {[%emt 0:02:15] [#]} g5 $146 ({Better is} 12... a5 $14) ({Predecessor:} 12... a5 13. a4 e5
14. Bxf6 gxf6 15. Nd2 Qc7 16. Nc4 Rd8 17. Nxd6+ Kf8 18. Qf3 Be6 {0-1 (53)
Dionisi,T (2410)-Dourerassou,J (2444) Chartres 2022}) 13. e5 gxh4 14. exf6 Bf8 15. Qd4 c5 (15... Rg8 $11 {remains equal.}) 16. Qxh4
$16 {[%emt 0:04:18] Rhe1 is the strong threat.} Qb6 17. Rhe1 O-O-O 18. Qh5 Be8 19. f4 Rg8 20. g4 d5 21. Nxd5 $2 exd5 $17 {[%emt 0:00:56] Black
converts the advantage convincingly.} 22. Qf5+ (22. Rxd5 $142
Bd6 23. Red1) 22... Kb8 $1 $19 23. Rxd5 Bd6
$1 {[%emt 0:00:14][%cal Yf8d6,Yd6f4,Yf4c7] Threatens to win with ... Bd7.} 24.
Red1 {[%emt 0:07:21][%cal Yd5d6] [#]} Bd7 $1 25. Qd3 Bxf4+ 26. Kb1 {[%emt 0:00:09] [#]} Bc7 $1 27. Nxc5 ({Much weaker is} 27. Rxd7 Rxd7 28. Qxd7 Rd8 29.
Qxd8+ Bxd8 30. Nxc5 Qxc5 $19) 27... Bb5 ({Avoid the trap} 
27... Bxg4 $2 28. Nxa6+ Kc8 29. Nxc7 Bxd1 30. Qf5+ Kxc7 31. Rc5+ Kb7 32. Rb5
$19) 28. Qf5 (28. Qe3) 28... Rxd5 29. Rxd5 Rg5 30. Qf3 Bc6 {[%emt 0:02:
14] This bishop pair is nice.} 31. Nd7+ Bxd7 32. Rxd7 Qg1+ ({Weaker is} 32... Bxh2 33. c3
$11) 33. Rd1 Qxg4 34. Qd3 Qe6 35. a3 Qxf6 36. Rf1 Qe6 37. Qh7 Rg2 38. Qxf7 (38. h3 $142) 38... Qxf7 39.
Rxf7 Rxh2 {[%emt 0:00:03] Endgame And now ...h5 would win.
KRB-KR} 40. b4 h5 {[%emt 0:01:25][%cal Yh6h5,Yh5h4,Yh4h3,
Yh3h2] Black mates.} 41. Kb2 h4 42. Kb3 h3 43. c4 Rh1 44. b5 axb5 45. cxb5 h2 {
[%emt 0:00:04] Weighted Error Value: White=0.70/ Black=0.11 (very precise)} 0-1

[Event "44th Chess Olympiad Women 2022"]
[Site "Chennai"]
[Date "2022.08.05"]
[Round "7.7"]
[White "Vantika Agrawal"]
[Black "Tsolakidou, Stavroula"]
[Result "0-1"]
[WhiteElo "2371"]
[BlackElo "2362"]
[Annotator "TA"]
[PlyCount "82"]
[EventDate "2022.??.??"]
[TimeControl "60"]

1. d4 Nf6 2. c4 e6 3. Nc3 Bb4 4. e3 O-O 5. Bd3 d5 6. cxd5 exd5 7. Nge2 Re8 8. O-O Bd6 9. Bd2 {[%emt 0:
00:00] E48: Nimzo-Indian: Rubinstein: 5 Bd3 d5 including 6 Ne2, but excluding
6 a3.} Nbd7 10. Nf4 c6 11. Qc2 {[%emt 0:15:34] The position is equal.} Nf8 12. f3 {[%emt 0:13:41] [#]} Ne6 $146 (12... Ng6 $5 ) ({Predecessor:} 12... Qc7 13. g3 Ne6 14. Kh1 Bd7 15. Rae1 Rac8 16. Re2
a6 17. Nxe6 Bxe6 18. g4 g6 {1-0 (46) Ries,B (2164)-Kesseler,H (1993) Solingen
2016}) 13. Nxe6 Bxe6 14. Ne2 Rc8 15. b4 Bb8 16. e4 (16. Rae1 $11 {remains equal.}) 16... dxe4 $17 17. fxe4 {[%emt 0:01:16] Black must now prevent e5.} Bg4 {[%emt 0:00:36]
Threatens to win with ...Bxe2.} 18. Be3 Bxe2 19. Qxe2 {[%emt 0:00:20] Hoping for e5.} Nxe4 (19... Bxh2+ $2
20. Kxh2 Nxe4 21. Qf3 $18 (21. Qh5 g6 $18)) 20. Qf3 Nf6 {
[%emt 0:02:39][%cal Yb8h2] Active counter play!} 21. Bf5 (21.
Qh3 $142 h6 22. Rf3) 21... Rc7 $1 22. Rad1 {[%emt 0:00:55] [#]
} Nd5 $1 23. Bd2 g6 24. Bc2 Rd7 25. Qh3 (25. b5 $17 {
is a better defense.}) 25... Bd6 (25... Bc7 $19 26. Bb3 Re4)
26. Bg5 {[%emt 0:00:47] [#]} Qc8 (26... f6 $1 $19 {[%cal
Rf6g5] has better winning chances.} 27. Bh4 Bxb4) 27. a3 Bf8 28. Rd2 Bg7 29. Bd1 Rf8 30. Bg4 f5 31.
Bd1 Qe8 32. Bc2 (32. Kh1 $17
{was necessary.}) 32... Rd6 33. Qh4 Re6 34. Qf2 $2 (
34. Rdd1) 34... f4 $19 {[%emt 0:02:32] Black is clearly winning.} 35. Qf3 Re3 36. Qg4 (36. Qd1 $142
Rxa3 37. Qc1) 36... Re1 {[%emt 0:00:15][%cal Yg7d4] ( -> ...Bxd4+!)} 37. Qf3 Qe3+ 38. Qxe3 Rxf1+ ({Stronger than} 38... fxe3 39. Rxe1 exd2 40. Bxd2 $17 (40. Re4 $2 Nc3
$19)) (38... Rxe3 $2 39. Rf3 $19) 39. Kxf1 fxe3+ {[%emt 0:00:
04] Discovered Attack} (39... Nxe3+ $2 {loses.} 40. Ke2 $17) 40. Ke1 exd2+ 41. Bxd2 Bxd4 {[%emt 0:30:05]
Weighted Error Value: White=0.48/Black=0.12 (very precise)} 0-1

[Event "44th Chess Olympiad Women 2022"]
[Site "Chennai"]
[Date "2022.08.05"]
[Round "7.8"]
[White "Garcia Martin, Marta"]
[Black "Pilsova, Karolina"]
[Result "1/2-1/2"]
[WhiteElo "2305"]
[BlackElo "2230"]
[Annotator "ChessBase"]
[PlyCount "128"]
[EventDate "2022.??.??"]
[TimeControl "60"]

1. e4 e5 2. Nf3 Nc6 3. Bb5 Nf6 4. O-O Nxe4 5. Re1 Nd6 6.
a4 Be7 7. Nc3 O-O 8. d4 e4 9. Nxe4 Nxe4 10. Rxe4 d5 11. Re3 Bf6 12. Bxc6 bxc6 13. Ne5 Bd7 14. Qh5 g6 15. Qf3 Bg7 16. Re1 f6 17. Nd3 Bf5 18. Bf4 Bxd3 19. Qxd3 Qd7 20. h3 Rfb8 21. b3 Bf8 22. Re2 Bd6 23. Bxd6 cxd6 24. Rae1 Re8 25. Qg3 Kf7 26. Qh4 Kg7 27. Qf4 Rxe2 28. Rxe2 Re8 29. Re3 Rxe3 30. Qxe3 Kf7 31. Kf1 Qf5 32. Qc3 Qd7 33. Ke2 Qb7 34. Kd2 Qb6 35. Qd3 Qb4+ 36. Ke2 Qb6 37. h4 Qc7 38. h5 Kg7 39. g4 Qd7 40. Qg3 Qe6+ 41. Kd2 gxh5 42. gxh5+ Kh6 43. Qf3 Kg5 44. Qd3 f5 45. Qg3+ Kxh5 46. f4 Qf6 47. Kd3 h6 48. Qg8 Qe7 49. Kd2 Qe4 50. Qf7+ Kg4 51. Qg6+ Kf3 52. Qh5+ Kf2 53. Qh2+ Kf1 54. Qxh6 Qxd4+ 55. Kc1 Qa1+ 56. Kd2 Qd4+ 57. Kc1 Qa1+ 58. Kd2 Qe1+ 59. Kd3 Qd1+ 60. Kc3 Qa1+ 61. Kd3 Qd1+ 62. Kc3 Qa1+ 63. Kd3 Qd1+ 64. Kc3 Qa1+ 1/2-1/2

[Event "44th Chess Olympiad Women 2022"]
[Site "Chennai"]
[Date "2022.08.05"]
[Round "7.8"]
[White "Petrova, Kristyna"]
[Black "Eizaguerri Floris, Maria"]
[Result "1/2-1/2"]
[WhiteElo "2238"]
[BlackElo "2176"]
[Annotator "NA RC"]
[PlyCount "82"]
[EventDate "2022.??.??"]
[TimeControl "60"]

1. e4 c5 2. Nf3 d6 3. d4 cxd4 4. Nxd4 Nf6 5. Nc3 a6 6. Be3 e6 7. Be2 Be7 8. O-O O-O 9. f4 Nc6 10. Kh1 Bd7 11. Qe1 b5 12. a3 Qb8 13.
Rd1 b4 14. axb4 Qxb4 15. Bf3 e5 16. Nxc6 Bxc6 17. Nd5 Qb7 18.
fxe5 dxe5 19. Nxe7+ Qxe7 20. Bg5 Qe6 21. Qh4 Bb5 22. Rfe1 Rac8 23. Bxf6 Qxf6 24. Qxf6 gxf6 25. Rd2 Rfd8 26. Red1 Rxd2 27. Rxd2 Rc4 28. Kg1 Kf8 29. Kf2 Ke7 30. Ke3 Bc6 31. c3 Ra4 32. Rd1 a5 33. Rb1 Kd6 34. b4 Ra3 35. Rd1+ Ke7 36. bxa5 Rxa5 37. Rb1 Ra3 38. Kd3 Ra4 39. Ke3 Ra3 40. Kd3 Ra4 41. Ke3 Ra3 1/2-1/2

[Event "44th Chess Olympiad Women 2022"]
[Site "Chennai"]
[Date "2022.08.05"]
[Round "7.8"]
[White "Vega Gutierrez, Sabrina"]
[Black "Movsesian, Julia"]
[Result "1-0"]
[WhiteElo "2366"]
[BlackElo "2291"]
[Annotator "TA"]
[PlyCount "192"]
[EventDate "2022.??.??"]
[TimeControl "60"]

1. e4 c5 2. Nf3 d6 3. d4 cxd4 4. Nxd4 Nf6 5. Nc3 g6 6. Bc4 Bg7 7. O-O O-O 8. Re1 $1 {[%emt 0:00:18] The main line 8.Re1
scores better than 8.Bb3.} Nc6 9. Nb3 a6 {
[%emt 0:02:01] B70: Sicilian Dragon: 6 g3 and 6 Be2 (without a later Be3).} 10.
a4 Bg4 11. f3 Ne5 {[%emt 0:
00:00] The position is equal.} 12. Bf1 Bd7 13. a5 Rc8 {[%emt 0:04:36] [#]} 14. Nd5 $146 (14. Be3 $11) ({Predecessor:} 14. Na4 Bxa4 15. Rxa4 Qc7 16. f4 Nc6 17. Be3 Nd7
18. c3 Nc5 19. Nxc5 dxc5 20. Bxc5 Qxf4 {1-0 (60) Fernandez Garcia,J (2353)
-Diaz Reyes,K (1933) Santa Cruz de Tenerife 2021}) 14... Nxd5 $15 15. exd5 Re8 16. c3 Qc7 17. h3 e6 18. Be3 Nc4 19. Bxc4 Qxc4 20. dxe6 Bxe6 {[%emt 0:00:26] This bishop pair is nice.} 21.
Nd2 Qc6 22. Ra4 Bf5 23. Rb4 Qd5 24. Bd4 Qxa5 25. Rxe8+ Rxe8 26. Nc4 Qd5 27. Nb6 Qe6 28. Bxg7 Kxg7 29.
Nd5 {[%emt 0:00:37] Inhibits Qe3+.} Qe1+ 30. Qxe1 Rxe1+ $11 {[%emt 0:00:05] Endgame KRB-KRN} 31. Kf2 Re5 32. Nc7 Bc8 33. f4 Re7 34. Nd5 Re8 35.
Rb6 Bd7 36. Rxd6 Bb5 {
[%emt 0:00:59] And now ...Re2+ would win.} 37. Ne3 Kf8 38. c4 Bc6 39. g3 a5 40. Ng4 Ke7 41.
Rd4 Rc8 42. Ne3 f5 43. Ke2 Be4 44. Kd2 Ke6 45. h4 Bf3 46. Nc2 Be4 47. Na3 Bc6 48. Ke3 Ke7 49. Rd3 Ke6 50. Rd1 Be4 51. Rd2 Bc6 52. c5 Bd5 {[%emt 0:00:
00] Prevents Nc4.} 53. Kd4 Be4 {[%emt 0:01:30] [#]} (53... Rd8
$11) 54. Nc4 (54. Kc4 $1 $16) 54... Ra8 (
54... Rd8+ $11 55. Nd6 b6) 55. Kc3 $18 Bc6 56. Rd6+ Ke7 57. Ne5 a4 {
[%emt 0:03:21] [#]} (57... Be8 $16 58. Rb6 Ra7) 58. Kb4 $1 ({
But not} 58. Nxc6+ $6 bxc6 59. Kb4 (59. Rxc6 a3 $16) 59... Rb8+ 60. Kxa4 Rxb2
$16) 58... Be8 59. Rb6 Ra7 60. Ka3 Kd8 61. Rd6+ Ke7 62. Rb6 {[%emt 0:00:30] 0x0.
00144c92d7cedp-1022s more active pieces.} Kd8 $1 63. Kb4 (63. h5 $16) 63... Ke7 64. h5 gxh5 65. Rh6 a3 66. bxa3 ({Don't take} 66. Rxh7+ Ke6 67. bxa3 Ra4+ 68. Kb3 Re4
$16) 66... Ra4+ 67. Kb3 Re4 68. Rxh7+ Ke6 69. Rxb7 Kd5 {[%emt 0:00:14] Inhibits c6.} 70. Re7 (70.
Rb8 $16 Ba4+ 71. Kc3) 70... Ba4+ $14 71. Kc3 {[%emt 0:00:02]
[%cal Yc5c6] Hoping for c6!} Re3+ $1 72. Kb4 Re4+ 73. Kc3 ({White should try} 73. Ka5 $14
Kxc5 74. Rc7+ Kd5 75. Rc8) 73... Re3+ $1 $11 74. Kb4 (74. Kd2 $11 Rxg3 75. Ra7) 74... Re4+ $14 75. Ka5 {
[%emt 0:00:06][%cal Yc5c6] Strongly threatening c6!} Kxc5 76.
Rc7+ $1 Kd5 77. Nc4 Bc6 (77... Be8 $1 $11 78. Nb6+ Kd4) 78. Nb6+ $1 Kd6 79. Rh7 Rd4 (
79... Be8 $14) 80. Rh6+ Kc7 (80... Kc5 $142)
81. Rh7+ Kd6 82. Rh6+ Kc7 $1 83. Rxh5 Rd3 84. a4 Rxg3 (84... Be4 $16) 85. Rxf5 $18 Kd6 (85... Rf3 $16 {was worth a try.} 86. Nc4 Rf1 87.
Rf7+ Kd8) 86. Kb4 Ke6 87. Rc5 Bb7 $2 (87... Bh1 88. Re5+ Kf7) 88. Re5+ Kf7 89. Nc4 {[%emt 0:00:19] aiming for Nd6+.} Rf3 (89... Kf6 $142 90. Nd6 Rg4 91. Rf5+ Ke6) 90. f5 $2 (90.
Rb5 {Threatening mate with Ne5+.} Ke6 91. Rxb7) 90... Kf6 91.
Rb5 Be4 $2 (91... Bc8 92. Rc5 Bxf5) 92. Nd6
$2 (92. Nd2 $18 Rf4 93. Nxe4+ Rxe4+ 94. Ka5) 92... Bc2 $2 (92... Bc6 $16) 93. a5 {[%emt 0:00:23] Black must now prevent
a6.} Rb3+ (93... Ke7 $142 94. Rd5 Bd3) 94. Kc5 Ra3 95. Kb6 Bd3 96. Rb4 Rc3 {[%emt 0:01:10] Weighted Error Value: White=0.06 (flawless)
/Black=0.13 (very precise)} (96... Ra1 $142 97. Nb5 Bxf5) 1-0

[Event "44th Chess Olympiad Women 2022"]
[Site "Chennai"]
[Date "2022.08.05"]
[Round "7.8"]
[White "Worek, Joanna"]
[Black "Matnadze, Ana"]
[Result "1-0"]
[WhiteElo "2280"]
[BlackElo "2406"]
[Annotator "TA"]
[PlyCount "107"]
[EventDate "2022.??.??"]
[TimeControl "60"]

1. e4 c6 2. d4 d5 3. e5 a6 4. Nf3 Bg4 5. Nbd2 e6 6. h3 {[%emt 0:00:
00] B12: Caro-Kann: Advance Variation.} Bh5 7. Bd3 c5 {[%emt 0:00:48] [#]} 8. dxc5 $146 {[%emt 0:00:39] The position is
equal.} (8. g4 $5 Bg6 9. Bxg6 hxg6 10. c3 $11) ({Predecessor:} 
8. c3 Nc6 9. a3 cxd4 10. cxd4 Nge7 11. Nb3 Bxf3 12. Qxf3 Qb6 13. Qd1 Nf5 14.
Be3 Nxe3 15. fxe3 {1-0 (44) Obad,A (2279)-Cagara,P (2054) Chess.com INT 2020})
8... Bxc5 9. O-O Nc6 (9...
Ne7 $11) 10. g4 $1 $14 Bg6 11. Bxg6 $1 hxg6 12. Kg2 Qc7 13. Qe2 Nge7 14. c3 Bb6 15. b3 (15. Nb3 $14 {stays ahead.
}) 15... g5 $17 16. Re1 (16. Nxg5 $17 Nxe5
17. f4 Nxg4 18. hxg4 Qxc3 19. f5) 16... Ng6 $19 17. Nf1 {
[%emt 0:00:06] [#]} d4 $2 ({Better is} 17... Ncxe5 $1 $19 18.
Nxe5 Qxc3) 18. Bxg5 (18. Qe4 $5 ) 18... dxc3 19. Qe4 {[%emt 0:01:06] Prevents Nd4.} Nce7 20. Rac1 Nd5 21. Ng3 (21.
Ne3 $11) 21... Qc5 $17 22. Rc2 Bd8 23. Be3 Qb4 (
23... Qc6 $1 $17) 24. Nd4 (24. Qxb4 $11 Nxb4 25. Rxc3) 24...
Bc7 25. Nh5 (25. Nf3 $17 {might work better.}
) 25... Bxe5 26. a3 Nxe3+ (26... Qxa3 27. Nxe6 $1 Qd6 28. Nexg7+ Kf8 29. Nf5 $14) (26...
Qd6 $19 {[%cal Yh8h5] White must now prevent ... Rxh5!} 27. Nf3 Bf6) 27. fxe3 Qe7 (27... Qxa3 28. Nxe6 Nh4+ 29. Kh1 $11) (
27... Qd6 $17 {aiming for ...Nh4+.} 28. Rxc3 O-O) 28. Nc6 {[%emt 0:07:00]
Active counter play!} (28. Nf3 $11 {remains equal.} Qd6 29. Nxe5 Qxe5 30. Qxe5
Nxe5 31. Rxc3) 28... Qh4 (28... Nh4+ 29. Kf2 bxc6 30. Qxc6+ (
30. Qxe5 f6 $11) 30... Qd7 31. Qxa8+ Ke7 32. Qe4 $16 (32. Qxh8 $2 Qd5 $19)) (
28... Qg5 $17 {And now ...Rxh5 would win.} 29. Nxe5 Nxe5) 29. Nxe5 $11 Rxh5 {[%emt 0:00:53] [#]} (29... Nxe5 $11 30. Qxe5 Qxe1) 30.
Nxg6 $1 $14 Qxh3+ 31. Kf2 $1 Rh6 {[%emt 0:02:11] [#]} (31... Qh2+ $14 32. Qg2
Qxg2+ 33. Kxg2 Rb5) 32. Nf4 (32. Qxb7 Qh2+ 33. Qg2 (33. Kf1
Qh1+ 34. Qxh1 Rxh1+ 35. Ke2 Rh2+ 36. Kd1 Rd8+ 37. Kc1 Rdd2 $15) 33... Qxg2+ 34.
Kxg2 Rxg6 $11) ({White has to play} 32. Rg1 $1 $16 Rd8 33. Nf4 Qh4+ 34. Ke2 (
34. Kf3 g5 $11) 34... Qh2+ 35. Qg2) 32... Qxg4 (32... Qh4+ $11
33. Ke2 (33. Kf1 Rd8 $14) 33... Qxg4+ 34. Kd3 Qh4) 33. Qf3 $40 {[%emt 0:06:09]
White is up to no good.} (33. Rxc3 $2 Rh2+ 34. Kf1 Qh4 $19) (33. Qxb7 Rd8 34.
Rg1 (34. Rxc3 $2 Rh2+ 35. Kf1 Qh4 $19) 34... Qf5 35. Rxc3 (35. Qc6+ Kf8 $17)
35... e5 36. Rxg7 Kf8 $11) (33. Rh1 $16) 33... Rh2+ 34. Ng2 Qh4+ 35. Kf1 Qg5 (35... Qh7 $1 $11 {keeps the balance.} 36. Rxc3 Rd8) 36. Kg1 $16 Qe5 (36... Qh5 $16 {keeps fighting.} 37. Qxh5 (37.
Qxb7 Rh1+ 38. Kf2 Qf5+ 39. Nf4 Qxc2+ $11) 37... Rxh5) 37. Qxb7 $18 {[%emt 0:03:
27] Chess con chili.} Rd8 38. Qc6+ ({Not} 38.
Qxa6 Rh6 39. Qc6+ (39. Nf4 g5 $11) 39... Ke7 40. Qxc3 (40. Rxc3 Qh2+ 41. Kf1
Qh1+ 42. Ke2 Qh5+ 43. Kf1 Qh1+ 44. Ke2 Qh5+ 45. Kf1 Qh1+ $11) 40... Qh2+ 41.
Kf1 Rf6+ 42. Rf2 (42. Nf4 Qh1+ 43. Kf2 Qh2+ 44. Kf3 Qh3+ 45. Kf2 Qh2+ 46. Kf3
Qh3+ 47. Kf2 Qh2+ $11) 42... Qh1+ 43. Ke2 Qh5+ 44. Kf1 Qh1+ 45. Ke2 Qh5+ 46.
Kf1 Qh1+ $11) 38... Kf8 39. Qxc3 Qg3 40. Rf1 $1 Qh3 41. Qb4+ ({White should try} 41. Qa5 $1 $18 Rh1+ 42. Kf2
Rxf1+ 43. Kxf1 Qf3+ 44. Kg1) 41... Kg8 $16 42. Qe4 (42. Qf4 $16 Rh1+ 43. Kf2) 42... g6 $2 (42... e5 $1
$11) 43. Qf4 Rh1+ 44. Kf2 Rxf1+ (44... Rh2 {was worth a try.} 45. Ke1 Rf8) 45. Kxf1 $18 Rd5 {[%emt 0:00:00] [#]} 46. Kg1 $1 Rh5 {
[%emt 0:04:37] Strongly threatening ...Qh1+.} 47. Rc8+ Kg7 {
[%emt 0:00:04] [#]} 48. Rc5 $3 Qh1+ 49. Kf2 {
[%emt 0:00:02] b4 is the strong threat.} Rh2 $2 (49... Qb1 50.
Rxh5 gxh5 51. Qe5+ Kf8) 50. Qe5+ Kh7 51. Qg3
{[%emt 0:00:00] Threatens to win with Rc7.} Kg7 52. b4 Rh8 (52... Rh5 $142 53. Qf4 Qd1 54. Rxh5 Qxh5
55. Qd4+ Kg8) 53. Qe5+ Kh7 54. Rc4 {[%emt 0:
00:07] What a fight! Weighted Error Value: White=0.28 (precise) /Black=0.48}
1-0

[Event "44th Chess Olympiad Women 2022"]
[Site "Chennai"]
[Date "2022.08.05"]
[Round "7.9"]
[White "Enkhtuul, Altan-Ulzii"]
[Black "Ordaz Valdes, Lisandra Teresa"]
[Result "1-0"]
[WhiteElo "2267"]
[BlackElo "2367"]
[Annotator "ChessBase"]
[PlyCount "79"]
[EventDate "2022.??.??"]
[TimeControl "60"]

1. d4 d5 2. c4 e6 3. Nf3 Nf6 4. g3 dxc4 5. Bg2 Bb4+ 6. Bd2 c5 7. Bxb4 cxb4 8. Ne5 O-O 9. Nxc4 Nc6 10. e3 e5 11. d5 b5 12. O-O bxc4 13.
dxc6 Bf5 14. Qa4 Bd3 15. Rd1 Qe7 16. Nd2 Rad8 17. Rdc1 Nd5 18. Nxc4 e4 19. a3 Rb8 20. Qa5 Nf6 21. c7 Rbc8 22. Ne5 Ne8 23.
Nc6 Qd6 24. Nxb4 Rxc7 25. Rxc7 Nxc7 26. Rd1 f5 27. Bf1 Ne6 28. Bxd3 exd3 29. Rxd3 Qe7 30. Nc6 Qf7 31. Qxa7 Qh5 32. Qa5 Ng5 33. h4 Nf3+ 34. Kg2 Nxh4+ 35. gxh4 Qg6+ 36. Kf1 Qxc6 37. Qd5+ Qxd5 38. Rxd5 Rb8 39. b4 Ra8 40. Ra5 1-0

[Event "44th Chess Olympiad Women 2022"]
[Site "Chennai"]
[Date "2022.08.05"]
[Round "7.9"]
[White "Hernandez Gil, Ineymig"]
[Black "Mungunzul, Bat-Erdene"]
[Result "0-1"]
[WhiteElo "2234"]
[BlackElo "2163"]
[Annotator "NA RC"]
[PlyCount "80"]
[EventDate "2022.??.??"]
[TimeControl "60"]

1. e4 e5 2. Nf3 Nf6 3. d4 Nxe4 4. Bd3 d5 5. Nxe5 Nd7 6.
Nc3 Bb4 7. O-O Nxe5 8. dxe5 Nxc3 9. bxc3 Bc5 10. Qh5 Be6 11. Rb1 Qc8 12. Bg5 b6 13. Kh1 h6 14. f4 Bg4 15. Qh4 Bf5 16.
e6 Bxd3 17. cxd3 O-O 18. e7 Re8 19. Bxh6 Bxe7 20. Bg5 f6 21.
Qh5 Qf5 22. Rf3 fxg5 23. fxg5 g6 24. Qh4 Bxg5 25. Qf2 Qe5 26.
Rf1 Bh6 27. Qh4 Qg5 28. Qh3 Rf8 29. Qe6+ Kh8 30. h4 Qxh4+ 31. Kg1 Qg5 32. Qc6 Rac8 33. Qd7 Rcd8 34. Qxc7 Rxf3 35. Rxf3 Re8 36. Rh3 Kg8 37. Qc6 Re1+ 38. Kh2 Qe5+ 39. Rg3 Qh5+ 40. Rh3 Bf4+ 0-1